Map: Interloper LE

Players

Cuervo - Winner!

  • Race: Terran Terran
  • Spawn Location: 5:00

Mcoop

  • Race: Protoss Protoss
  • League: Silver
  • Spawn Location: 11:00

VOD

Have the link to the VOD?

Description

Time

  • Played on: Sept. 22, 2017, 4:47 p.m.
  • Length: 17:21
Show
View Real Time Build Order
Export as new Build Order

Cuervo Terran - Winner!

Build Orders: Hellion Opening, Reaper Expand, Mech 

Get SALT Encoding   

  12  0:00  SCV  
  13  0:13  SCV  
  14  0:18  Supply Depot  
  14  0:25  SCV  
  15  0:30  Refinery  
  15  0:39  SCV  
  16  0:46  Barracks  
  16  0:51  SCV  
  17  1:03  SCV  
  18  1:16  SCV  
  19  1:32  Orbital Command  
  19  1:33  Reaper  
  20  1:46  Command Center  
  20  1:57  Factory  
  20  2:01  SCV  
  21  2:12  Barracks Reactor  
  21  2:13  SCV  
  22  2:17  Refinery  
  22  2:25  SCV  
  22  2:29  Supply Depot  
  23  2:41  SCV  
  23  2:53  Factory  
  23  2:55  SCV  
  24  3:05  Orbital Command  
  24  3:07  SCV  
  24  3:11  Hellion x2  
  24  3:12  Barracks Tech Lab  
  30  3:20  SCV  
  30  3:32  Hellion  
  30  3:33  SCV x2, Hellion  
  36  3:43  Supply Depot  
  36  3:45  SCV x2  
  38  3:54  Hellion x2  
  42  3:57  SCV x2  
  44  4:05  Supply Depot, Siege Tank  
  44  4:09  SCV  
  48  4:15  Hellion x2  
  48  4:37  Hellion x2, Siege Tank  
  48  4:38  Factory  
  53  4:39  SCV x2  
  53  4:44  Armory  
  51  4:59  Hellion x2  
  53  5:00  SCV x2  
  53  5:03  Refinery  
  53  5:05  Refinery  
  55  5:07  Factory  
  55  5:09  Siege Tank  
  55  5:12  SCV  
  59  5:15  Barracks Tech Lab  
  59  5:40  SCV x2  
  61  5:52  SCV  
  61  5:55  Terran Vehicle Weapons Level 1  
  60  5:57  Siege Tank  
  60  5:58  Armory  
  55  6:08  SCV x2  
  55  6:09  Factory Tech Lab  
  52  6:12  Command Center  
  52  6:16  Hellion x2  
  52  6:17  Siege Tank  
  59  6:19  Barracks Tech Lab  
  59  6:20  SCV x2  
  61  6:35  SCV  
  62  6:42  Supply Depot  
  62  6:45  SCV, Hellion, Siege Tank  
  68  6:53  Terran Vehicle And Ship Armor Level 1  
  68  6:56  Starport  
  68  7:00  Hellion  
  70  7:03  SCV x2  
  70  7:07  Supply Depot  
  72  7:15  SCV x2  
  74  7:17  Supply Depot  
  74  7:18  Siege Tank  
  77  7:24  Hellion x2, Siege Tank  
  77  7:27  Orbital Command  
  77  7:29  Siege Tank  
  87  7:35  SCV x2  
  89  7:45  Starport Tech Lab, Refinery  
  89  7:47  SCV x2  
  89  7:50  Fusion Core  
  91  7:51  Refinery  
  91  7:59  SCV x2  
  91  8:01  Terran Ship Weapons Level 1  
  93  8:11  SCV x2  
  95  8:16  Hellion x2  
  99  8:24  Command Center  
  99  8:25  SCV x2  
  101  8:32  Siege Tank  
  101  8:33  Supply Depot  
  104  8:34  Orbital Command  
  104  8:37  Supply Depot  
  104  8:50  Siege Tank  
  104  8:54  SCV x2  
  104  8:55  Battlecruiser  
  115  9:06  SCV x2  
  115  9:09  Hellion x2  
  124  9:10  Siege Tank  
  124  9:18  SCV  
  125  9:31  SCV x2  
  125  9:33  Siege Tank  
  94  10:27  Weapon Refit  
  94  10:29  SCV x3  
  94  10:31  SCV  
  94  10:34  Refinery  
  98  10:45  Battlecruiser  
  98  10:49  Siege Tank  
  107  10:50  Starport, Siege Tank  
  107  10:51  Barracks Tech Lab  
  107  10:56  SCV x3  
  113  11:02  Starport  
  113  11:08  SCV  
  114  11:14  Command Center, Supply Depot  
  114  11:18  Supply Depot  
  114  11:20  Starport, SCV  
  114  11:21  Siege Tank  
  114  11:22  Terran Ship Weapons Level 2  
  114  11:23  Terran Vehicle Weapons Level 2  
  114  11:37  Hellion x2  
  118  11:45  SCV x3  
  118  11:46  SCV, Refinery  
  122  11:53  Siege Tank  
  125  11:56  Starport Tech Lab  
  125  11:57  SCV  
  125  12:00  Starport Tech Lab  
  126  12:03  Battlecruiser x2  
  138  12:08  SCV x2  
  138  12:13  Supply Depot  
  140  12:15  Supply Depot  
  140  12:16  Supply Depot  
  140  12:26  SCV x3, Hellion x2, Siege Tank  
  150  12:33  Battlecruiser  
  150  12:35  Orbital Command  
  156  12:37  Refinery  
  156  13:01  Command Center  
  156  13:02  Command Center x2, Refinery  
  156  13:04  Battlecruiser  
  162  13:07  Battlecruiser  
  168  13:18  Battlecruiser  
  174  13:31  Supply Depot  
  174  13:32  Orbital Command  
  174  13:47  SCV  
  175  13:54  Supply Depot  
  175  14:18  Supply Depot, Battlecruiser x2  
  175  14:19  Battlecruiser  
  175  14:22  Battlecruiser  
  199  14:27  Terran Ship Weapons Level 3  
  199  14:37  Terran Vehicle Weapons Level 3  
  199  14:44  Orbital Command x3  
  199  15:14  Command Center  
  199  15:19  Command Center  
  199  15:28  Command Center  
  199  15:35  Command Center  
  199  16:00  Refinery  
  199  16:01  Refinery  
Show
View Real Time Build Order
Export as new Build Order

Mcoop Protoss 

Build Orders:  

Get SALT Encoding   

  12  0:02  Probe (Chrono Boost)  
  13  0:12  Probe (Chrono Boost)  
  14  0:20  Pylon  
  14  0:23  Probe (Chrono Boost)  
  15  0:30  Assimilator  
  15  0:38  Probe (Chrono Boost)  
  16  0:49  Probe (Chrono Boost)  
  17  0:56  Gateway  
  17  1:02  Probe (Chrono Boost)  
  18  1:12  Probe (Chrono Boost)  
  19  1:23  Pylon  
  19  1:45  Cybernetics Core  
  19  1:48  Probe (Chrono Boost)  
  19  1:53  Nexus  
  20  1:59  Probe (Chrono Boost)  
  20  2:00  Zealot  
  23  2:09  Probe (Chrono Boost)  
  24  2:19  Gateway  
  24  2:24  Mothership Core (Chrono Boost)  
  24  2:25  Warp Gate (Chrono Boost)  
  26  2:49  Probe  
  27  2:53  Assimilator  
  27  3:01  Probe  
  27  3:04  Probe  
  29  3:13  Probe  
  29  3:15  Probe  
  31  3:23  Twilight Council  
  31  3:25  Probe x2  
  33  3:36  Probe  
  33  3:37  Probe  
  33  3:39  Pylon  
  35  3:43  Gateway  
  35  3:44  Gateway  
  35  3:49  Probe x2  
  37  4:00  Pylon  
  37  4:01  Probe  
  38  4:04  Pylon  
  38  4:09  Robotics Facility  
  38  4:22  Gateway x2  
  38  4:25  Gateway  
  27  5:09  Zealot x3  
  27  5:10  Zealot  
  15  5:49  Stalker x3  
  20  5:50  Stalker x4  
  28  6:07  Probe  
  28  6:08  Probe  
  30  6:17  Probe  
  30  6:20  Probe  
  32  6:28  Probe  
  32  6:32  Probe  
  34  6:38  Probe  
  34  6:42  Pylon  
  34  6:44  Probe  
  36  6:49  Probe  
  37  6:56  Probe  
  37  6:59  Probe  
  39  7:09  Probe  
  39  7:13  Pylon  
  40  7:17  Charge (Chrono Boost)  
  40  7:21  Probe  
  41  7:33  Probe  
  42  7:39  Zealot x4  
  50  7:45  Probe  
  51  7:57  Zealot  
  51  7:58  Zealot x2  
  57  8:02  Warp Prism  
  59  8:18  Probe  
  59  8:20  Probe  
  61  8:29  Probe  
  61  8:32  Probe  
  63  8:52  Zealot x4  
  63  8:53  Zealot  
  73  9:04  Zealot x2  
  77  9:14  Probe  
  77  9:16  Probe, Assimilator  
  79  9:19  Assimilator  
  79  9:33  Zealot x3  
  83  10:09  Zealot x2  
  83  10:10  Zealot  
  73  10:38  Stalker x2  
  73  10:39  Stalker x3  
  73  10:40  Stalker  
  85  10:52  Pylon  
  85  10:56  Pylon  
  85  11:01  Pylon  
  85  11:14  Nexus  
  85  11:16  Assimilator  
  82  11:51  Stalker x3  
  82  11:52  Stalker x4  
  96  12:06  Stargate  
  96  12:10  Stargate  
  96  12:27  Probe x2  
  96  12:28  Probe  
  99  12:37  Probe  
  99  12:38  Probe  
  99  12:40  Probe  
  99  12:43  Stargate  
  102  12:45  Stargate  
  102  12:48  Probe x2  
  104  12:52  Fleet Beacon, Probe  
  104  12:54  Observer  
  106  12:58  Probe  
  106  12:59  Probe  
  106  13:05  Forge, Probe  
  109  13:15  Pylon  
  109  13:19  Probe x2  
  109  13:20  Probe  
  112  13:29  Probe  
  112  13:32  Void Ray x2, Pylon, Probe  
  112  13:33  Void Ray x2  
  130  13:39  Pylon  
  130  13:42  Pylon  
  130  13:50  Pylon  
  130  13:54  Pylon  
  130  14:03  Pylon  
  130  14:12  Probe x2  
  130  14:14  Probe  
  133  14:19  Photon Cannon  
  133  14:21  Photon Cannon  
  133  14:23  Probe x2  
  133  14:24  Assimilator  
  133  14:26  Probe  
  133  14:28  Stalker x3  
  133  14:29  Stalker x2  
  146  14:33  Probe  
  147  14:51  Warp Prism  
  149  14:57  Zealot x3  
  149  14:58  Zealot x4  
  163  15:11  Pylon  
  163  15:14  Pylon  
  163  15:18  Pylon  
  163  15:23  Stalker x3  
  169  15:34  Tempest  
  175  15:41  Tempest  
  181  16:05  Tempest x2  
  193  16:18  Stalker  
  193  16:19  Stalker x2  
Tags
 
Add a new tag
Caveats
  • Supply blocks, unpowered buildings, or Contaminate may cause inaccurate times.
  • Supply counts are checked every 10 seconds.